 Dungeon Crawl Stone Soup version 0.28-a0-10-g964c8b829e (webtiles) character file.

Game seed: 1545894083504179991

236 Conn the Firebug (level 6, -2/37 HPs)
             Began as an Octopode Fire Elementalist on July 25, 2021.
             Slain by a phantom (9 damage)
             ... on level 4 of the Dungeon.
             The game lasted 00:12:48 (4812 turns).

Conn the Firebug (Octopode Fire Elementalist)       Turns: 4812, Time: 00:12:48

Health: -2/37      AC:  1    Str:  7    XL:     6   Next: 6%
Magic:  10/10      EV: 13    Int: 26    God:
Gold:   74         SH:  0    Dex: 12    Spells: 4/11 levels left

rFire   + . .      SeeInvis .   n - +2 falchion (protect)
rCold   x . .      Faith    .   (no shield)
rNeg    . . .      Spirit   .   (helmet restricted)
rPois   .          Reflect  .   (no amulet)
rElec   .          Harm     .   l - +6 ring of intelligence
rCorr   .          Rampage  .   h - ring of fire
Will    .....                   (no ring)
Stlth   +++.......              (no ring)
HPRegen 0.12/turn               (no ring)
MPRegen 0.12/turn               (no ring)
                                (no ring)
                                (no ring)

@: attractive, very slightly contaminated, invisible
A: almost no armour, amphibious, 8 rings, camouflage 1, gelatinous body 1,
(nimble swimmer 1), tentacles
a: no special abilities


You were on level 4 of the Dungeon.
You visited 1 branch of the dungeon, and saw 4 of its levels.

You collected 74 gold pieces.

Inventory:

Hand Weapons
 b - a +0 dagger
 n - a +2 falchion of protection (weapon)
Armour
 j - a +0 buckler
Jewellery
 h - a ring of fire (right tentacle)
 l - a +6 ring of intelligence (left tentacle)
Scrolls
 d - a scroll of enchant armour {unknown}
 e - a scroll of amnesia {unknown}
 f - 2 scrolls of identify {unknown}
 g - 2 scrolls of noise {unknown}
 i - a scroll of fog {unknown}
 k - 3 scrolls of summoning {unknown}
 o - a scroll of magic mapping {unknown}


   Skills:
 + Level 0.6 Fighting
 + Level 0.4 Short Blades
 + Level 0.1(0.2) Long Blades
 + Level 2.4 Dodging
 + Level 3.7 Stealth
 + Level 3.1 Spellcasting
 * Level 3.2 Conjurations
 * Level 4.2 Fire Magic


You had 4 spell levels left.
You knew the following spells:

 Your Spells              Type           Power      Damage    Failure   Level
a - Foxfire               Conj/Fire      100%       2x1d9     1%          1
b - Conjure Flame         Conj/Fire      34%        6-21      6%          3
c - Inner Flame           Hex/Fire       22%        N/A       12%         3

Your spell library contained the following spells:

 Spells                   Type           Power      Damage    Failure   Level
 Sticky Flame             Conj/Fire      34%        2d5       21%         4
 Petrify                  Tmut/Erth      4%         N/A       67%         4
 Fireball                 Conj/Fire      17%        3d9       50%         5
 Metabolic Englaciation   Hex/Ice        2%         N/A       95%         5
 Statue Form              Tmut/Erth      2%         N/A       100%        6


Dungeon Overview and Level Annotations

Branches:
Dungeon (3/15)

Altars:
Yredelemnul


Innate Abilities, Weirdness & Mutations

You cannot wear most types of armour.
You are amphibious.
You can wear up to eight rings at the same time.
Your skin changes colour to match your surroundings (Stealth+).
Your rubbery body absorbs attacks. (AC +1, EV +1)
((You are camouflaged near water. (Stealth+)))
You have tentacles for arms and can constrict up to eight enemies at once.


Message History

The phantom is severely damaged.
The jackal bites you but does no damage.
You hit the phantom but do no damage.
The phantom is severely damaged.
The jackal bites you but does no damage.
The phantom closely misses you.
You riposte.
You barely miss the phantom.
The phantom is severely damaged.
The jackal completely misses you.
You miss the phantom.
The phantom is severely damaged.
The phantom hits you.
The phantom blinks!
You blink.
The phantom hits you!
* * * LOW HITPOINT WARNING * * *
Okay, then.
Casting: Foxfire (safe; 1% risk of failure)
Confirm with . or Enter, or press ? or * to list all spells.
Okay, then.
A giant cockroach comes into view.
Casting: Foxfire (safe; 1% risk of failure)
Confirm with . or Enter, or press ? or * to list all spells.
You feel a surge of power!
You conjure some foxfire!
The foxfire hits the phantom.
The phantom is severely damaged.
The foxfire hits the phantom.
The phantom is severely damaged.
The phantom hits you.
* * * LOW HITPOINT WARNING * * *
The giant cockroach bites you but does no damage.
The giant cockroach closely misses you. The giant cockroach bites you.
* * * LOW HITPOINT WARNING * * *
It was a potion of attraction.
You feel attractive to monsters. The giant cockroach barely misses you.
It was a potion of invisibility.
You fade into invisibility!
You are very lightly contaminated with residual magic.
The phantom is pulled toward you!
The giant cockroach is pulled toward you!
The phantom hits you!
You die...

#......####.#.##
#.#...## #.###.#
#.#..## ##.#.##
.. ..# ##.# #.#
#W# # #.#
....########.#
.......@WB...#
##############


You could see a phantom and a giant cockroach.

Vanquished Creatures
  A hound (D:4)
  Natasha (thrice) (D:2)
  Terence (D:1)
  An adder (D:2)
  A shadow imp (D:4)
  An ufetubus (D:4)
  A worm (D:2)
  6 orcs
  6 endoplasms
  6 giant cockroaches
  11 goblins
  10 hobgoblins
  5 jackals
  A kobold (D:1)
  2 quokkas
  5 ball pythons
  7 bats
  2 frilled lizards
  4 rats
74 creatures vanquished.

Vanquished Creatures (others)
  226 foxfires
226 creatures vanquished.

Grand Total: 300 creatures vanquished

Notes
Turn   | Place    | Note
-------+----------+-------------------------------------------
     0 | D:1      | Conn the Octopode Fire Elementalist began the quest for the
                  | Orb.
     0 | D:1      | Reached XP level 1. HP: 11/11 MP: 3/3
   100 | D:1      | Reached XP level 2. HP: 17/17 MP: 1/5
   728 | D:1      | Reached XP level 3. HP: 21/21 MP: 3/6
   781 | D:1      | Found a faded altar of an unknown god.
  2080 | D:2      | Reached XP level 4. HP: 27/27 MP: 5/7
  2301 | D:2      | Noticed Natasha
  2311 | D:2      | Killed Natasha
  2368 | D:2      | Learned a level 3 spell: Conjure Flame
  2372 | D:2      | Learned a level 3 spell: Inner Flame
  2449 | D:2      | Noticed Terence
  2778 | D:1      | Killed Terence
  2943 | D:2      | Reached XP level 5. HP: 16/31 MP: 9/9
  3378 | D:2      | Noticed Natasha
  3385 | D:2      | Killed Natasha
  3468 | D:2      | Noticed Natasha
  3501 | D:1      | Reached skill level 4 in Fire Magic
  4046 | D:2      | Killed Natasha
  4692 | D:3      | You fall into a shaft and drop 1 floor!
  4719 | D:4      | Found a basalt altar of Yredelemnul.
  4737 | D:4      | Noticed a phantom
  4748 | D:4      | Reached XP level 6. HP: 37/37 MP: 7/10
  4812 | D:4      | Slain by a phantom

Illustrated notes

Levels and vault maps discovered:
D:1:      dpeg_arrival_orchard, layout_basic,
          shapermc_ecumenical_altar_starsandcircs, hangedman_decor_points,
          minmay_misc_feat_alley
D:2:      layout_basic, uniq_terence, uniq_natasha
D:3:      layout_rooms
D:4:      layout_loops_ring, yredelemnul_altar_generic, chequers_mini_garden,
          minmay_manual_maat

Skill      XL: |  1  2  3  4  5 |
---------------+----------------+-----
Stealth        | 3 |  3.7
Conjurations   | 2 3 |  3.2
Fire Magic     | 4 |  4.2
Spellcasting   | 3 |  3.1
Fighting       | |  0.6
Short Blades   | |  0.4
Long Blades    | |  0.1
Dodging        | |  2.4

Action                   |  1- 3 |  4- 6 || total
-------------------------+-------+-------++-------
Melee: Dagger            |     4 |    23 ||    27
       Constrict         |     1 |    10 ||    11
       Tentacles         |     1 |    13 ||    14
       Falchion          |       |    28 ||    28
 Cast: Foxfire           |    83 |    50 ||   133
       Conjure Flame     |       |     4 ||     4
  Use: Potion            |       |     3 ||     3
 Stab: Sleeping          |     2 |     1 ||     3
Armor: Skin              |     3 |    10 ||    13
Dodge: Dodged            |    13 |    62 ||    75
       Rpst.: Falchion   |       |     9 ||     9

Table legend: (Time is in decaauts)
 A = Elapsed time spent in this place.
 B = Non-inter-level travel time spent in this place.
 C = Inter-level travel time spent in this place.
 D = Time resting spent in this place.
 E = Time spent auto-exploring this place.
 F = Levels seen in this place.
 G = Mean time per level.
                   A        B        C        D        E       F      G
               +--------+--------+--------+--------+--------+-----+--------+
         Total |   4821 |   4714 |    107 |    776 |   2368 |   4 | 1205.2 |
       Dungeon |   4821 |   4714 |    107 |    776 |   2368 |   4 | 1205.2 |
               +--------+--------+--------+--------+--------+-----+--------+

Top non-repeatable levels by time:
     D:2: 2534 daAuts
     D:1: 1907 daAuts
     D:3: 254 daAuts
     D:4: 125 daAuts
